 Dungeon Crawl Stone Soup version 0.20-a0-455-gc3b7d50 (webtiles) character file.

73 Queen the Conjurer (level 4, -2/33 HPs)
             Began as a Draconian Conjurer on Jan 10, 2017.
             Killed by divine providence
             ... invoked by an orc priest
              (16 damage)
             ... on level 3 of the Dungeon.
             The game lasted 00:13:12 (1827 turns).

Queen the Conjurer (Draconian Conjurer)             Turns: 1827, Time: 00:13:13

Health: -2/33      AC:  5    Str: 10    XL:     4   Next: 8%
Magic:  1/7        EV: 12    Int: 16    God:
Gold:   150        SH:  0    Dex: 12    Spells: 1/7 levels left

rFire  . . .     SeeInvis .       - Unarmed
rCold  . . .     Gourm    .     (armour unavailable)
rNeg   . . .     Faith    .     (no shield)
rPois  .         Spirit   .     (helmet restricted)
rElec  .         Reflect  .     (no cloak)
rCorr  .         Harm     .     (no gloves)
MR     .....                    (no boots)
Stlth  ++........               (no amulet)
                                (no ring)
                                (no ring)

@: no status effects
A: unfitting armour, cold-blooded, AC +5
a: no special abilities


You were on level 3 of the Dungeon.
You were not hungry.

You visited 1 branch of the dungeon, and saw 3 of its levels.

You collected 150 gold pieces.

Inventory:

Armour
 f - a +0 pair of gloves
Scrolls
 c - a scroll of recharging {unknown}
 d - a scroll of magic mapping {unknown}
 h - a scroll of identify {unknown}
 i - 3 scrolls of remove curse {unknown}
 k - a scroll of amnesia {unknown}
 l - 2 scrolls of teleportation {unknown}
 o - a scroll of immolation {unknown}
 p - a scroll of blinking {unknown}
Potions
 e - a potion of invisibility {unknown}
 n - a potion of heal wounds {unknown}
 q - a potion of curing {unknown}
Books
 a - a book of Conjurations

   Spells                             Type                      Level
   a - Magic Dart                     Conjuration                  1
   b - Searing Ray                    Conjuration                  2
   c - Dazzling Spray                 Conjuration/Hexes            3
   d - Fulminant Prism                Conjuration/Hexes            4
   e - Iskenderun's Mystic Blast      Conjuration                  4
   f - Iskenderun's Battlesphere      Conjuration/Charms           5
Comestibles
 b - 2 bread rations
 g - 12 chunks of flesh
 j - 2 meat rations
 m - a beef jerky


   Skills:
 - Level 1.7 Dodging
 - Level 1.7 Stealth
 + Level 3.6 Unarmed Combat
 - Level 2.0 Spellcasting
 - Level 4.1 Conjurations


You had one spell level left.
You knew the following spells:

 Your Spells              Type           Power        Failure   Level  Hunger
a - Magic Dart            Conj           ##..         4%          1    #......
b - Searing Ray           Conj           ##....       8%          2    ###....
c - Dazzling Spray        Conj/Hex       #.....       28%         3    ###....


Dungeon Overview and Level Annotations

Branches:
Dungeon (3/15)

Altars:
Gozag
Kikubaaqudgha
Sif Muna
Xom


Innate Abilities, Weirdness & Mutations

Your plain brown scales are hard. (AC +5)
You cannot fit into any form of body armour.
You are cold-blooded and may be slowed by cold attacks.


Message History

Aiming: Magic Dart
Press: ? - help, Shift-Dir - straight line, f/p - orc priest
Aim: an orc priest, wielding a mace (severely wounded)
The magic dart hits the orc warrior.
The orc warrior is lightly wounded.
The orc wizard casts a cantrip, but nothing happens.
The orc warrior throws a tomahawk.
The tomahawk misses you.
The orc warrior throws a tomahawk.
The tomahawk barely misses you.
You see here a tomahawk.
The orc priest calls upon Beogh to heal the orc warrior.
The orc warrior's wounds heal themselves!
The orc warrior throws a tomahawk.
The tomahawk hits you.
You see here a tomahawk.
The orc wizard mumbles some strange words.
The orc wizard seems to speed up.
The orc warrior throws a tomahawk.
The tomahawk hits you!
You see here a tomahawk.
The orc priest mumbles some strange prayers to Beogh against you.
Beogh smites you!
You die...

#................
#..#####.######## #..#
#.########### #..#
#...........# #..#
###########.# ####..# #.#
#.....# #.#
#.##..###############.#
###.###.@((.(.oo.........
#..##.#########oo.......#
#.##..# .#########
#.#.### o# ##.### .# #
#.##.## o# # #.#.#.# o# #
#..##.# .# # ####.## #


You could see an orc warrior, an orc priest and an orc wizard.

Vanquished Creatures
  An adder (D:2)
  An ooze (D:2)
  A dart slug (D:1)
  2 leopard geckos (D:2)
  3 orcs (D:3)
  3 ball pythons
  4 giant cockroaches
  3 goblins
  7 hobgoblins
  11 bats
  5 frilled lizards
  6 kobolds
  3 rats
50 creatures vanquished.

Notes
Turn   | Place    | Note
-------+----------+-------------------------------------------
     0 | D:1      | Queen the Draconian Conjurer began the quest for the Orb.
     0 | D:1      | Reached XP level 1. HP: 14/14 MP: 3/3
    87 | D:1      | Reached skill level 1 in Unarmed Combat
   113 | D:1      | Reached XP level 2. HP: 7/20 MP: 1/5
   333 | D:1      | Learned a level 2 spell: Searing Ray
   881 | D:2      | Reached XP level 3. HP: 15/26 MP: 2/6
  1192 | D:2      | Learned a level 3 spell: Dazzling Spray
  1352 | D:2      | Found a shimmering altar of Xom.
  1352 | D:2      | Found a deep blue altar of Sif Muna.
  1353 | D:2      | Found an ancient bone altar of Kikubaaqudgha.
  1658 | D:3      | Reached XP level 4. HP: 26/33 MP: 0/7
  1789 | D:3      | Found an opulent altar of Gozag.
  1817 | D:3      | Noticed an orc warrior
  1827 | D:3      | Killed from afar by an orc priest

Vault maps used:
D:1:      nicolae_arrival_somewhat_less_tricky_arrival
D:2:      gammafunk_temple_overflow_claw, minivault_23
D:3:      minmay_wonky_spiral, marbit_many_paths, first_bread

Skill      XL: |  1  2  3 |
---------------+----------+-----
Unarmed Combat | 1 2 3 |  3.6
Dodging        | |  1.7
Stealth        | |  1.7
Spellcasting   | |  2.0
Conjurations   | |  4.1

Action                   |  1- 3 |  4- 6 || total
-------------------------+-------+-------++-------
Melee: Unarmed           |    73 |     4 ||    77
       Tailslap          |     3 |       ||     3
 Cast: Magic Dart        |    67 |     4 ||    71
       Searing Ray       |     4 |     3 ||     7
       Dazzling Spray    |     2 |       ||     2
 Stab: Sleeping          |     1 |       ||     1
  Eat: Chunk             |     4 |     1 ||     5
Armor: Skin              |    29 |     2 ||    31
Dodge: Dodged            |    52 |     4 ||    56
